 Dungeon Crawl Stone Soup version 0.27-a0-1188-g73eefd5def (webtiles) character file.

Game seed: 5847837282384540479

89 1player the Insei (level 4, 0/28 HPs)
             Began as an Octopode Transmuter on May 21, 2021.
             Slain by a hound (2 damage)
             ... on level 3 of the Dungeon.
             The game lasted 00:10:37 (4969 turns).

1player the Insei (Octopode Transmuter)             Turns: 4969, Time: 00:10:38

Health: 0/28       AC:  1    Str: 10    XL:     4   Next: 55%
Magic:  7/7        EV: 13    Int: 15    God:
Gold:   211        SH:  0    Dex: 12    Spells: 4/7 levels left

rFire    . . .     SeeInvis .     - Unarmed
rCold    . . .     Faith    .   (no shield)
rNeg     . . .     Spirit   .   (helmet restricted)
rPois    .         Reflect  .   (no amulet)
rElec    .         Harm     .   (no ring)
rCorr    .         Rampage  .   (no ring)
Will     .....                  (no ring)
Stlth    ++........             (no ring)
HPRegen  0.09/turn              (no ring)
MPRegen  0.10/turn              (no ring)
                                (no ring)
                                (no ring)

@: no status effects
A: almost no armour, amphibious, 8 rings, camouflage 1, gelatinous body 1,
(nimble swimmer 1), tentacles
a: no special abilities


You were on level 3 of the Dungeon.
You visited 1 branch of the dungeon, and saw 4 of its levels.

You collected 211 gold pieces.

Inventory:

Hand Weapons
 i - a +0 short sword of venom
Missiles
 e - 39 stones
 o - 3 poisoned darts
Scrolls
 a - a scroll of immolation {unknown}
 b - a scroll of identify {unknown}
 d - a scroll of holy word {unknown}
 f - a scroll of torment {unknown}
 h - a scroll of enchant armour
 j - a scroll of amnesia {unknown}
 p - a scroll of magic mapping {unknown}
Potions
 c - a potion of curing {unknown}
 g - a potion of cancellation {unknown}
 k - a potion of haste {unknown}
 l - 2 potions of heal wounds {unknown}
 m - a potion of ambrosia {unknown}
 n - a potion of might {unknown}


   Skills:
 - Level 1.0 Fighting
 - Level 2.0 Dodging
 - Level 4.8 Unarmed Combat
 - Level 2.0 Spellcasting
 + Level 2.7 Transmutations
 + Level 0.1 Poison Magic


You had 4 spell levels left.
You knew the following spells:

 Your Spells              Type           Power      Damage    Failure   Level
a - Beastly Appendage     Tmut           18%        N/A       8%          1
z - Wereblood             Tmut           9%         N/A       11%         2

Your spell library contained the following spells:

 Spells                   Type           Power      Damage    Failure   Level
 Spider Form              Tmut/Pois      2%         N/A       36%         3
 Ice Form                 Ice/Tmut       5%         N/A       77%         4
 Hydra Form               Tmut           4%         N/A       90%         5


Dungeon Overview and Level Annotations

Branches:
Dungeon (4/15)
 Temple: D:4-7

Altars:

Shops:
D:2 :

Annotations:
D:2 exclusion: downstairs
D:3 2 transporters, exclusions: 4 doors, downstairs and orc wizard, Jessica, Terence


Innate Abilities, Weirdness & Mutations

You cannot wear most types of armour.
You are amphibious.
You can wear up to eight rings at the same time.
Your skin changes colour to match your surroundings (Stealth+).
Your rubbery body absorbs attacks. (AC +1, EV +1)
((You are camouflaged near water. (Stealth+)))
You have tentacles for arms and can constrict up to eight enemies at once.


Message History

The jackal is severely wounded.
The jackal barks! x3; The hound barks!
You hear a shout!
The jackal bites you. The jackal closely misses you.
The jackal barely misses you. The jackal closely misses you.
The jackal bites you.
You climb upwards.
Level annotation: 2 transporters, exclusions: 4 doors, downstairs and orc wizard, Jessica, Terence
There is a stone staircase leading down here.
You tentacle-slap the jackal.
You kill the jackal!
The jackal misses you.
You tentacle-slap the jackal but do no damage.
Your grab misses the jackal. You squeeze the jackal.
The jackal is heavily wounded.
The jackal bites you.
You bludgeon the jackal!
You kill the jackal!
No target in view!
You start resting.
HP restored.
Unknown command.
You climb downwards.
The hound bites you. The jackal bites you. The jackal misses you.
The hound closely misses you. The jackal bites you.
The jackal barely misses you. The hound closely misses you.
There is a stone staircase leading up, spattered with blood here.
The jackal bites you. x2; The hound closely misses you.
You climb upwards.
Level annotation: 2 transporters, exclusions: 4 doors, downstairs and orc wizard, Jessica, Terence
There is a stone staircase leading down here.
The hound misses you. The jackal misses you. The hound bites you.
You see here a jackal corpse.
The hound barely misses you. The hound bites you. The hound bites you.
* * * LOW HITPOINT WARNING * * *
The hound bites you.
* * * LOW HITPOINT WARNING * * *
The hound pauses to sniff the ground.
The hound bites you.
You die...

################
###†...........#..
#.>†h...######.#.#
#.#####.# #.#)# ##.#
#.######.#.# #..#
#........... #..#
#........#.#
#.@#####.#...####.#
#..hh.........# #..
###.##h..###...## ###
###### #......###
##.## .....##
#.#.##.## #.# #
###...# #.#.#...##
#.# ## #.#.#
#.#..#.#.####'## ##.
#...#
#.#....##.##...## #.#
####.#####
#.##.#.#.##.....###.#


You could see a hound and 2 jackals.

Vanquished Creatures
  A hound skeleton (D:2)
  3 dart slugs
  An orc (D:3)
  5 endoplasms
  2 giant cockroaches
  7 goblins
  5 hobgoblins
  12 jackals
  8 kobolds
  A quokka (D:1)
  5 ball pythons
  6 bats
  2 frilled lizards (D:2)
  2 rats (D:1)
60 creatures vanquished.

Notes
Turn   | Place    | Note
-------+----------+-------------------------------------------
     0 | D:1      | 1player the Octopode Transmuter began the quest for the
                  | Orb.
     0 | D:1      | Reached XP level 1. HP: 13/13 MP: 3/3
   641 | D:1      | Reached XP level 2. HP: 18/18 MP: 1/5
   913 | D:1      | Reached skill level 4 in Unarmed Combat
  1119 | D:1      | Found a faded altar of an unknown god.
  1254 | D:1      | Reached XP level 3. HP: 23/23 MP: 4/6
  2749 | D:1      | Reached XP level 4. HP: 21/28 MP: 5/7
  3439 | D:2      | Found Jueral's Book Emporium.
  3594 | D:3      | Noticed a water moccasin
  3674 | D:3      | Found a transporter.
  3690 | D:3      | Found a transporter.
  3717 | D:3      | Noticed Jessica
  3796 | D:3      | Learned a level 2 spell: Wereblood
  4406 | D:3      | Noticed Terence
  4969 | D:3      | Slain by a hound

Illustrated notes

Levels and vault maps discovered:
D:1:      eino_arrival_water_star, layout_loops_ring,
          chequers_ecumenical_altar_island, minmay_misc_feat_five
D:2:      layout_basic, serial_shops, shop, ebering_dispersal_statue_hall
D:3:      gammafunk_wand_slinger, layout_loops_corners, uniq_jessica,
          uniq_terence
D:4:      layout_gridville, minmay_misc_feat_iff, chequers_serial_rivers_large_a

Skill      XL: |  1  2 |
---------------+-------+-----
Unarmed Combat | 4 |  4.8
Fighting       | |  1.0
Dodging        | |  2.0
Spellcasting   | |  2.0
Transmutations | |  2.7
Poison Magic   | |  0.1

Action                   |  1- 3 |  4- 6 || total
-------------------------+-------+-------++-------
Melee: Unarmed           |    76 |    51 ||   127
       Constrict         |    20 |    13 ||    33
       Kick              |    14 |     8 ||    22
       Tentacles         |     9 |     4 ||    13
       Punch             |     3 |     2 ||     5
 Cast: Beastly Appendage |    17 |    10 ||    27
  Use: Scroll            |       |     1 ||     1
 Stab: Sleeping          |       |     6 ||     6
Armor: Skin              |     6 |     5 ||    11
Dodge: Dodged            |    75 |    52 ||   127

Table legend: (Time is in decaauts)
 A = Elapsed time spent in this place.
 B = Non-inter-level travel time spent in this place.
 C = Inter-level travel time spent in this place.
 D = Time resting spent in this place.
 E = Time spent auto-exploring this place.
 F = Levels seen in this place.
 G = Mean time per level.
                   A        B        C        D        E       F      G
               +--------+--------+--------+--------+--------+-----+--------+
         Total |   4966 |   4790 |    176 |   1996 |   1452 |   4 | 1241.5 |
       Dungeon |   4966 |   4790 |    176 |   1996 |   1452 |   4 | 1241.5 |
               +--------+--------+--------+--------+--------+-----+--------+

Top non-repeatable levels by time:
     D:1: 2772 daAuts
     D:3: 1303 daAuts
     D:2: 883 daAuts
     D:4: 7 daAuts
